 Dungeon Crawl Stone Soup version 0.27.1-33-g824d729ab1 (webtiles) character file.

Game seed: 8359232710629456368

293 zeram the Poker (level 6, -14/47 HPs)
             Began as a Merfolk Fighter on Dec 23, 2021.
             Blown up by Ijyb (27 damage)
             ... with a mindburst bolt
             ... on level 4 of the Dungeon.
             The game lasted 00:04:32 (3984 turns).

zeram the Poker (Merfolk Fighter)                   Turns: 3984, Time: 00:04:33

Health: -14/47     AC:  9    Str: 17    XL:     6   Next: 33%
Magic:  6/6        EV:  8    Int:  9    God:
Gold:   186        SH: 10    Dex: 13    Spells: 5/5 levels left

rFire    . . .     SeeInvis .   a - +0 trident
rCold    . . .     Faith    .   c - +1 kite shield
rNeg     . . .     Spirit   .   b - +0 scale mail
rPois    .         Reflect  .   d - +2 helmet
rElec    .         Harm     .   (no cloak)
rCorr    .         Rampage  .   (no gloves)
Will     .....                  (no boots)
Stlth    ..........             (no amulet)
HPRegen  0.15/turn              (no ring)
MPRegen  0.10/turn              (no ring)

@: no status effects
A: (nimble swimmer 2), mertail
a: no special abilities


You were on level 4 of the Dungeon.
You visited 1 branch of the dungeon, and saw 4 of its levels.

You collected 186 gold pieces.

Inventory:

Hand Weapons
 a - a +0 trident (weapon)
Armour
 b - a +0 scale mail (worn)
 c - a +1 kite shield (worn)
 d - a +2 helmet (worn)
Scrolls
 f - a scroll of fog
Potions
 g - a potion of lignification
 h - a potion of attraction


   Skills:
 - Level 3.2 Fighting
 + Level 7.2 Polearms
 - Level 2.1 Armour
 + Level 2.2 Dodging
 + Level 4.7 Shields


You had 5 spell levels left.
You didn't know any spells.
Your spell library was empty.

Dungeon Overview and Level Annotations

Branches:
Dungeon (4/15)
 Temple: D:4-7

Altars:

Shops:
D:2 =

Annotations:
D:4 Ijyb


Innate Abilities, Weirdness & Mutations

((You are quick and stealthy near water. (Stealth+, EV+, Speed+++)))
Your lower body shifts to a powerful aquatic tail in water.


Message History

There is a stone staircase leading up here.
Unknown command.
Found a stone staircase leading down.
Ijyb the Twisted Goblin comes into view.
She is wielding a +0 club and carrying a wand of mindburst (15).
Ijyb is nearby!
Ijyb is nearby!
Ijyb is nearby!
Unknown command.
Okay, then.
Ijyb zaps a wand.
Your mind is blasted!
You hit Ijyb.
Ijyb is lightly wounded.
Ijyb screams, "Level is mine!
All mine!"
Ijyb hits you but does no damage.
You puncture Ijyb!
Ijyb is heavily wounded.
Ijyb zaps a wand.
You barely resist.
Ijyb zaps a wand.
Your mind is blasted!
* * * LOW HITPOINT WARNING * * *
You hit Ijyb but do no damage.
Ijyb is heavily wounded.
Ijyb zaps a wand.
You barely resist. You hit Ijyb but do no damage.
Ijyb is heavily wounded.
Ijyb hits you but does no damage.
You closely miss Ijyb.
Ijyb is heavily wounded.
Ijyb hits you but does no damage.
You closely miss Ijyb.
Ijyb is heavily wounded.
You block Ijyb's attack.
It was a potion of magic.
Magic courses through your body. You block Ijyb's attack.
You hit Ijyb but do no damage.
Ijyb is heavily wounded.
Ijyb hits you but does no damage.
You hit Ijyb.
Ijyb is heavily wounded.
Ijyb zaps a wand.
Your mind is blasted!
Ouch! That really hurt!
You die...

#.# #.# #.#
#.### #.>.#
#.#.# #...#
##.#####.####
#....@g......
#..#.....####
.....#.####....
#.##.##.# ##.
.. #. #.# . ..
#.# ..# #.# ..
#.#


You could see Ijyb.

Vanquished Creatures
  The ghost of unlimited1921 the Firebug, an amateur HOFE (D:3)
  A scorpion (D:2)
  An orc wizard (D:3)
  Robin (D:2)
  2 adders (D:3)
  3 dart slugs
  5 orcs (D:3)
  7 endoplasms
  A giant cockroach (D:3)
  14 goblins
  13 hobgoblins
  6 jackals
  2 quokkas
  8 ball pythons
  6 bats
  3 frilled lizards
  8 kobolds
  5 rats
87 creatures vanquished.

Notes
Turn   | Place    | Note
-------+----------+-------------------------------------------
     0 | D:1      | zeram the Merfolk Fighter began the quest for the Orb.
     0 | D:1      | Reached XP level 1. HP: 18/18 MP: 1/1
   157 | D:1      | Reached XP level 2. HP: 22/24 MP: 2/2
   467 | D:1      | Found a faded altar of an unknown god.
   494 | D:1      | Reached XP level 3. HP: 25/29 MP: 3/3
   667 | D:1      | Reached skill level 4 in Polearms
  1098 | D:2      | Found Huyqoz's Jewellery Shoppe.
  1221 | D:2      | Reached skill level 1 in Dodging
  1270 | D:2      | Noticed a scorpion
  1277 | D:2      | Killed a scorpion
  1278 | D:2      | Reached skill level 5 in Polearms
  1278 | D:2      | Reached XP level 4. HP: 14/35 MP: 4/4
  1923 | D:2      | Noticed Robin
  1929 | D:2      | Reached XP level 5. HP: 41/41 MP: 5/5
  1959 | D:2      | Killed Robin
  2535 | D:3      | Reached skill level 6 in Polearms
  3315 | D:3      | Found a runed translucent door.
  3338 | D:3      | Noticed unlimited1921's ghost (amateur HOFE)
  3353 | D:3      | Found Wiucwujipe's Distillery.
  3838 | D:3      | Killed unlimited1921's ghost
  3839 | D:3      | Reached skill level 7 in Polearms
  3839 | D:3      | Reached XP level 6. HP: 37/47 MP: 6/6
  3972 | D:4      | Noticed Ijyb
  3984 | D:4      | Blown up by Ijyb

Illustrated notes

Levels and vault maps discovered:
D:1:      dpeg_arrival_court, layout_loops_ring,
          hellmonk_ecumenical_altar_crossroads
D:2:      layout_basic, serial_shops, shop, uniq_robin
D:3:      layout_basic, serial_shops, nicolae_shop_trees,
          hellmonk_ghost_happy_afterlife, minmay_bisected
D:4:      minmay_opposing_rooms, layout_loops_ring, uniq_ijyb

Skill      XL: |  1  2  3  4  5 |
---------------+----------------+-----
Polearms       | 5 7 |  7.2
Dodging        | 1 2 |  2.2
Shields        | 4 |  4.7
Fighting       | |  3.2
Armour         | |  2.1

Action                   |  1- 3 |  4- 6 || total
-------------------------+-------+-------++-------
Melee: Trident           |   135 |   182 ||   317
  Use: Scroll            |       |     6 ||     6
       Potion            |       |     5 ||     5
Armor: Scale mail        |    56 |    89 ||   145
Dodge: Dodged            |    35 |    38 ||    73
Block: Kite shield       |    47 |    67 ||   114
